 Dungeon Crawl Stone Soup version 0.31-a0-986-g5e6e4ef867 (webtiles) character file.

Game seed: 1582891440060447536

103 DocClef the Changeling (level 4, 0/32 HPs)
             Began as a Demonspawn Shapeshifter on Nov 6, 2023.
             Slain by a gnoll
             ... wielding a +2 flail of holy wrath
              (3 damage)
             ... on level 3 of the Dungeon.
             The game lasted 00:01:23 (1277 turns).

DocClef the Changeling (Demonspawn Shapeshifter)    Turns: 1277, Time: 00:01:23

Health: 0/32       AC: 10    Str: 22    XL:     4   Next: 51%
Magic:  4/4        EV:  6    Int: 11    God:
Gold:   127        SH:  0    Dex: 13    Spells: 3/3 levels left

rFire   . .          .
                       - Unarmed
rCold   . . .        (no shield)
rNeg    . . .        k - +0 plate armour
rPois   .            (helmet currently unavailable)
rElec   .            (cloak currently unavailable)
rCorr   .            (gloves currently unavailable)
SInv    .            (boots currently unavailable)
Will    .....        (no amulet) Stlth
                     g - +6 ring of strength
HPRegen 0.25/turn    (no ring)
MPRegen 0.09/turn

%: no passive effects
@: beast-form
A: beast (slay +2), demonic guardian 1, spiny 1
a: Begin Untransformation


You were on level 3 of the Dungeon.
You were a hulking beast.
You visited 1 branch of the dungeon, and saw 4 of its levels.

You collected 127 gold pieces.

Inventory:

Armour
 a - a +0 animal skin
 k - a +0 plate armour (worn)
Jewellery
 f - an amulet of magic regeneration
 g - a +6 ring of strength (left hand)
 m - a ring of wizardry
Talismans
 c - a beast talisman
 d - a flux talisman
Scrolls
 j - a scroll of poison {unknown}
 p - a scroll of teleportation {unknown}
Potions
 b - a potion of lignification
 e - 2 potions of curing {unknown}
 h - a potion of haste {unknown}
 i - a potion of berserk rage {unknown}
 l - a potion of resistance {unknown}
 n - a potion of cancellation {unknown}
 o - 2 potions of enlightenment {unknown}
 q - a potion of degeneration {unknown}
 r - a potion of heal wounds {unknown}
 s - a potion of magic {unknown}


   Skills:
 - Level 1.0 Fighting
 - Level 1.7 Dodging
 + Level 3.1 Unarmed Combat
 + Level 4.3 Shapeshifting


You had 3 spell levels left.
You didn't know any spells.
Your spell library contained the following spells:

 Spells                   Type           Power      Damage    Failure   Level
 Summon Small Mammal      Summ           0%         N/A       100%        1
 Call Canine Familiar     Summ           0%         N/A       100%        3
 Summon Guardian Golem    Hex/Summ       0%         N/A       100%        3


Dungeon Overview and Level Annotations

Branches:
Dungeon (4/15)
 Temple: D:4-7

Altars:
Cheibriados


Innate Abilities, Weirdness & Mutations

You are a hulking beast.
Your limbs bulge with bestial killing power. (Slay +2)
A weak demonic guardian rushes to your aid.
You are partially covered in sharp spines.


Message History

There is a stone staircase leading down here.
The gnoll hits you from afar with a +0 halberd.
You climb downwards.
The endoplasm quivers.
Found a leather armour.
There is a stone staircase leading up here.
An adder, an orc wizard, 2 orcs and a dart slug come into view.
The orc shouts!
The orc wizard shouts!
The orc shouts!
You hear a shout!
An orc priest comes into view. It is wielding a +0 club.
The adder moves out of view.
There is a stone staircase leading up here.
There is a stone staircase leading up here.
The adder bites you but does no damage.
The scorpion stings you but does no damage.
You climb upwards.
The frilled lizard hisses angrily.
The gnoll barely misses you. The gnoll is struck by your spines.
The gnoll hits you with a +2 flail of holy wrath.
You convulse.
The gnoll is struck by your spines. The gnoll barely misses you.
The gnoll is struck by your spines. The gnoll barely misses you.
There is a stone staircase leading down here.
The adder bites you but does no damage.
The gnoll hits you with a +2 flail of holy wrath!
You convulse!
* * * LOW HITPOINT WARNING * * *
The gnoll is struck by your spines. The gnoll hits you but does no damage.
The gnoll attacks as it pursues you! The gnoll barely misses you.
The gnoll hits you with a +2 flail of holy wrath.
* * * LOW HITPOINT WARNING * * *
A demonic guardian appears!
You convulse.
* * * LOW HITPOINT WARNING * * *
The adder is struck by your spines. The adder bites you.
* * * LOW HITPOINT WARNING * * *
The frilled lizard barely misses your shadow imp.
Your shadow imp barely misses the quokka.
The adder attacks as it pursues you! The adder is struck by your spines.
The adder bites you but does no damage. The gnoll attacks as it pursues you!
The gnoll is struck by your spines.
The gnoll hits you with a +2 flail of holy wrath.
You die...

.##..###.........### ......
.##....##..........##......
.##.##..#.............g....
.#..###.####.#..###........
.#.###.......#..# #..l##...
...# #......###.###>5#.....
#..# #............gr.......
...###......###.gSg........
#...........####h####......
######.<......##.####......
...>.......................
#######.......##.#####.....
#.......#### .....
######### ....


You could see 3 gnolls, an adder, a quokka (ally target), a hobgoblin, a frilled
lizard and a friendly shadow imp (summoned).

Vanquished Creatures
  3 gnolls (D:3)
  5 adders
  A dart slug (D:3)
  5 ball pythons
  2 bats
  An endoplasm (D:1)
  3 giant cockroaches (D:2)
  2 goblins
  3 hobgoblins (D:2)
  2 kobolds
  A frilled lizard (D:1)
  2 rats (D:2)
30 creatures vanquished.

Notes
Turn   | Place    | Note
-------+----------+-------------------------------------------
     0 | D:1      | DocClef the Demonspawn Shapeshifter began the quest for the
                  | Orb.
     0 | D:1      | Reached XP level 1. HP: 15/15 MP: 1/1
   216 | D:1      | Reached skill level 3 in Shapeshifting
   452 | D:2      | Gained mutation: You are partially covered in sharp spines.
                  | [demonic ancestry]
   452 | D:2      | Reached XP level 2. HP: 19/21 MP: 2/2
   567 | D:2      | Reached XP level 3. HP: 23/26 MP: 3/3
   721 | D:2      | Reached skill level 4 in Shapeshifting
  1091 | D:3      | Gained mutation: A weak demonic guardian rushes to your
                  | aid. [demonic ancestry]
  1091 | D:3      | Reached XP level 4. HP: 32/32 MP: 4/4
  1165 | D:3      | Found a snail-covered altar of Cheibriados.
  1267 | D:4      | Noticed a scorpion
  1277 | D:3      | Slain by a gnoll

Illustrated notes

Levels and vault maps discovered:
D:1:      lemuel_arrival_lava_pool, layout_rooms, minmay_misc_feat_columns
D:2:      kennysheep_big_flooded_room, layout_loops_ring
D:3:      layout_rooms, lemuel_tele_altar, kennysheep_slug_shrine, minitemple
D:4:      layout_basic, serial_shops, shop, serial_park_tiny_pond,
          nicolae_titane, uniq_grinder, uniq_ijyb

Skill      XL: |  1  2  3  4 |
---------------+-------------+-----
Shapeshifting  | 3 4 |  4.3
Unarmed Combat | 3 |  3.1
Fighting       | |  1.0
Dodging        | |  1.7

Action                     |  1- 3 |  4- 6 || total
---------------------------+-------+-------++-------
  Melee: Unarmed           |    58 |    21 ||    79
         Punch             |       |     1 ||     1
 Armour: Animal skin       |    18 |       ||    18
         Plate armour      |    20 |    23 ||    43
  Dodge: Dodged            |    18 |    11 ||    29

Table legend: (Time is in decaauts)
 A = Elapsed time spent in this place.
 B = Non-inter-level travel time spent in this place.
 C = Inter-level travel time spent in this place.
 D = Time resting spent in this place.
 E = Time spent auto-exploring this place.
 F = Levels seen in this place.
 G = Mean time per level.
                   A        B        C        D        E       F      G
               +--------+--------+--------+--------+--------+-----+--------+
         Total |   1274 |   1253 |     21 |      0 |   1018 |   4 |  318.5 |
       Dungeon |   1274 |   1253 |     21 |      0 |   1018 |   4 |  318.5 |
               +--------+--------+--------+--------+--------+-----+--------+

Top non-repeatable levels by time:
     D:2: 628 daAuts
     D:1: 432 daAuts
     D:3: 208 daAuts
     D:4: 5 daAuts
